 Dungeon Crawl Stone Soup version 0.25-a0-713-g4845790874 (webtiles) character file.

Game seed: 8034274582026985968, levelgen mode: deterministic

140 Mgcat the Chopper (level 5, -16/42 HPs)
             Began as a Mummy Berserker on Apr 5, 2020.
             Was a Believer of Trog.
             Demolished by Menkaure (17 damage)
             ... on level 4 of the Dungeon.
             The game lasted 00:05:17 (2704 turns).

Mgcat the Chopper (Mummy Berserker)                 Turns: 2704, Time: 00:05:17

Health: -16/42     AC:  5    Str: 21    XL:     5   Next: 2%
Magic:  5/5        EV: 11    Int:  6    God:    Trog [**....]
Gold:   85         SH:  0    Dex: 12    Spells: 4/4 levels left

rFire    x x x     SeeInvis .   a - +0 hand axe
rCold    + + +     Gourm    .   (no shield)
rNeg     + + +     Faith    .   c - +0 ring mail
rPois    ∞         Spirit   .   (no helmet)
rElec    .         Reflect  .   (no cloak)
rCorr    .         Harm     .   (no gloves)
MR       .....                  (no boots)
Stlth    +.........             (no amulet)
HPRegen  0.14/turn              b - ring of ice {rC+, rF-}
MPRegen  0.09/turn              e - ring of ice (curse) {rC+, rF-}

@: no status effects
A: no food or potions, fire vulnerability, cold resistance 1, negative energy
resistance 3, torment resistance, unbreathing
a: Trog's Hand, Renounce Religion


You were on level 4 of the Dungeon.
You worshipped Trog.
Trog was pleased with you.
You were not hungry.

You visited 1 branch of the dungeon, and saw 4 of its levels.

You collected 85 gold pieces.

Inventory:

Hand Weapons
 a - a +0 hand axe (weapon)
Missiles
 d - 4 javelins (quivered)
 f - 6 silver javelins
Armour
 c - a +0 ring mail (worn)
   (You found it on level 1 of the Dungeon)
Jewellery
 b - a ring of ice (left hand) {rC+, rF-}
   (You took it off a kobold on level 1 of the Dungeon)
 e - a cursed ring of ice (right hand) {rC+, rF-}
   (You found it on level 3 of the Dungeon)
Wands
 i - a wand of random effects (2)
   (You found it on level 4 of the Dungeon)
Scrolls
 g - a scroll of identify
 h - a scroll of remove curse


   Skills:
 + Level 4.0 Fighting
 * Level 4.1 Axes
 - Level 1.5 Armour
 - Level 1.5 Dodging


You had 4 spell levels left.
You didn't know any spells.
Your spell library was empty.

Dungeon Overview and Level Annotations

Branches:
Dungeon (4/15)
 Temple: D:4-7

Altars:

Annotations:
D:4 Menkaure


Innate Abilities, Weirdness & Mutations

You do not eat or drink.
Your flesh is vulnerable to fire.
You are immune to poison.
Your flesh is cold resistant. (rC+)
You are immune to negative energy. (rN+++)
You are immune to unholy pain and torment.
You can survive without breathing.


Message History

You feel agile.
You regained 4 hp, and now have 34/42 hp.
MP restored: 5 You start resting.
HP restored.
You start resting.
HP restored.
Health restored: 42 Unknown command.
You see here a +0 leather armour.
A jackal and Menkaure come into view.
Menkaure shouts!
The jackal barks!
A jackal comes into view.
Spoiler Alert: Menkaure can cast Torment!
Unknown command.
Unknown command.
Unknown command.
You see here a +0 leather armour.
There is a stone staircase leading up here.
Menkaure is nearby!
Spoiler Alert: Menkaure can cast Torment!
Unknown command.
Unknown command.
Unknown command.
The jackal barely misses you. The jackal closely misses you.
You climb upwards.
There is a stone staircase leading down here.
Unknown command.
Unknown command.
Unknown command.
Unknown command.
You hit the jackal.
You kill the jackal!
Trog accepts your kill.
No target in view!
You start waiting.
Done waiting.
You climb downwards.
Level annotation: Menkaure
There is a stone staircase leading up here.
Spoiler Alert: Menkaure can cast Torment!
Unknown command.
Unknown command.
Unknown command.
Evoke which item? (* to show all) (? for menu, Esc to quit)
Aiming: Random Effects
Press: ? - help, Shift-Dir - straight line, f - Menkaure
Aim: Menkaure The fireball explodes!
The fireball engulfs Menkaure!
Menkaure is burned terribly!
Menkaure is moderately damaged.
You hear a bark!
Spoiler Alert: Menkaure can cast Torment!
Evoke which item? (* to show all) (? for menu, Esc to quit)
Aiming: Random Effects
Press: ? - help, Shift-Dir - straight line, f/p - Menkaure
Aim: Menkaure (moderately damaged)
The puff of frost hits Menkaure.
Menkaure resists.
Menkaure is heavily damaged.
Menkaure casts a spell.
Menkaure seems to speed up.
Spoiler Alert: Menkaure can cast Torment!
Evoke which item? (* to show all) (? for menu, Esc to quit)
Aiming: Random Effects
Press: ? - help, Shift-Dir - straight line, f/p - Menkaure
Aim: Menkaure (heavily damaged, fast) Nothing appears to happen.
You barely miss Menkaure.
Menkaure is heavily damaged.
Menkaure hits you!
You take 14 damage, and have 28/42 hp.
MASSIVE DAMAGE!!
Spoiler Alert: Menkaure can cast Torment!
You hit Menkaure.
Menkaure is severely damaged.
Menkaure hits you!!
* * * LOW HITPOINT WARNING * * *
Menkaure barely misses you.
You take 19 damage, and have 9/42 hp.
MASSIVE DAMAGE!!
Spoiler Alert: Menkaure can cast Torment!
You hit Menkaure.
Menkaure is severely damaged.
Menkaure closely misses you.
You hit Menkaure but do no damage.
Menkaure is severely damaged.
Menkaure completely misses you.
Spoiler Alert: Menkaure can cast Torment!
You barely miss Menkaure.
Menkaure is severely damaged.
Menkaure hits you!
* * * LOW HITPOINT WARNING * * *
You take 8 damage, and have 1/42 hp.
Unknown command.
Spoiler Alert: Menkaure can cast Torment!
Unknown command.
You hit Menkaure.
Menkaure is almost destroyed.
Menkaure's bandages flutter.
Menkaure hits you!
You die...

#......<..# #..##.#....$.
#.........#.###..##........
....... #..#........$.#
...... #.#........h.# #...#
#...........### #...#
#..............
#...#####...........###
#...........M#......#
#..........†@#......#
#...........##......#
####......#.##......#
########>##......#
#.##......# #.# ......# ..#
..# ..#


You could see Menkaure.

Vanquished Creatures
  Jessica (D:2)
  A worker ant (D:4)
  2 adders (D:3)
  An ooze (D:2)
  An adder skeleton (D:4)
  3 dart slugs (D:1)
  2 leopard geckos
  6 orcs
  6 bats
  2 giant cockroaches (D:1)
  6 goblins
  5 hobgoblins
  A jackal (D:3)
  A quokka (D:2)
  A ball python (D:1)
  4 frilled lizards
  4 kobolds
  11 rats
58 creatures vanquished.

Notes
Turn   | Place    | Note
-------+----------+-------------------------------------------
     0 | D:1      | Mgcat the Mummy Berserker began the quest for the Orb.
     0 | D:1      | Reached XP level 1. HP: 18/18 MP: 1/1
   142 | D:1      | Reached XP level 2. HP: 24/24 MP: 2/2
   312 | D:1      | Reached skill level 3 in Axes
   465 | D:1      | Reached XP level 3. HP: 29/29 MP: 3/3
   757 | D:2      | Reached ** piety under Trog
   802 | D:2      | Noticed Jessica
   824 | D:2      | HP: 7/29 [Jessica/+6 dagger of holy wrath (2)]
   826 | D:2      | HP: 2/29 [Jessica/+6 dagger of holy wrath (3)]
   827 | D:2      | Killed Jessica
  1153 | D:2      | Reached XP level 4. HP: 33/37 MP: 4/4
  2486 | D:4      | Reached skill level 4 in Axes
  2525 | D:4      | Reached skill level 4 in Fighting
  2525 | D:4      | Reached XP level 5. HP: 34/42 MP: 5/5
  2583 | D:4      | Noticed Menkaure
  2700 | D:4      | HP: 9/42 [Menkaure (20)]
  2703 | D:4      | HP: 1/42 [Menkaure (8)]
  2704 | D:4      | Demolished by Menkaure

Levels and vault maps discovered:
D:1:      enne_arrival_octagon_isle, layout_loops_ring, minmay_tall_x
D:2:      layout_basic, uniq_jessica
D:3:      layout_loops_corners, first_ration
D:4:      layout_basic, old_standard_altar, uniq_pikel, uniq_ijyb,
          uniq_menkaure, uniq_sigmund

Skill      XL: |  1  2  3  4 |
---------------+-------------+-----
Axes           | 3 4 |  4.1
Fighting       | 4 |  4.0
Armour         | |  1.5
Dodging        | |  1.5

Action                   |  1- 3 |  4- 6 || total
-------------------------+-------+-------++-------
Melee: Hand axe          |   114 |    91 ||   205
Evoke: Wand              |       |     3 ||     3
  Use: Scroll            |     3 |     1 ||     4
Armor: Ring mail         |    40 |    32 ||    72
Dodge: Dodged            |    66 |    69 ||   135

Table legend:
 A = Non-vault XP
 B = Vault XP
 C = Vault XP percentage of total XP
 D = Non-vault monster count
 E = Vault monster count
 F = Vault count percentage of total count
                 A         B        C        D         E       F
            +---------+---------+-------+---------+---------+-------
      Total |     157 |      44 |  21.9 |      53 |       5 |   8.6
            +---------+---------+-------+---------+---------+-------
        D:1 |      37 |       7 |  15.9 |      20 |       4 |  16.7
        D:2 |      29 |      37 |  56.1 |      15 |       1 |   6.2
        D:3 |      51 |       0 |   0.0 |      15 |       0 |   0.0
        D:4 |      40 |       0 |   0.0 |       3 |       0 |   0.0
            +---------+---------+-------+---------+---------+-------

Levels and vault maps discovered:
D:1:      enne_arrival_octagon_isle, layout_loops_ring, minmay_tall_x
D:2:      layout_basic, uniq_jessica
D:3:      layout_loops_corners, first_ration
D:4:      layout_basic, old_standard_altar, uniq_pikel, uniq_ijyb,
          uniq_menkaure, uniq_sigmund

Table legend:
 A = Turns spent in this place as a percentage of turns spent in the entire game.
 B = Non-inter-level travel turns spent in this place as a percentage of non-inter-level travel turns spent in the entire game.
 C = Inter-level travel turns spent in this place as a percentage of turns spent in this place.
 D = Turns resting spent in this place as a percentage of non-inter-level travel turns spent in this place.
 E = Turns spent auto-exploring this place as a percentage of non-inter-level travel turns spent in this place.
 F = Non-inter-level travel turns spent in this place divided by the number of levels of this place that you've seen.
                   A       B       C       D       E      F
               +-------+-------+-------+-------+-------+----------------------
         Total | 100.0 | 100.0 |   3.2 |  22.2 |  60.4 | 654.5
       Dungeon | 100.0 | 100.0 |   3.2 |  22.2 |  60.4 | 654.5
               +-------+-------+-------+-------+-------+----------------------

Table legend:
 A = Kills in this place as a percentage of kills in entire the game.
 B = Kills by you in this place as a percentage of kills by you in the entire game.
 C = Kills by friends in this place as a percentage of kills by friends in the entire game.
 D = Other kills in this place as a percentage of other kills in the entire game.
 E = Experience gained in this place as a percentage of experience gained in the entire game.
 F = Experience gained in this place divided by the number of levels of this place that you have seen.
                   A       B       C       D       E      F
               +-------+-------+-------+-------+-------+----------------------
         Total | 100.0 | 100.0 |   N/A |   N/A | 100.0 |  50.2
       Dungeon | 100.0 | 100.0 |   N/A |   N/A | 100.0 |  50.2
               +-------+-------+-------+-------+-------+----------------------
